Unix NetHack Version 3.7.0-51 Work-in-progress - last build Mar 8 2022 00:06:52 (ce1e6a145e5d3e7dd6f4b57ba37794bc207988de,branch:master). Game began 2022-03-13 16:18:07, ended 2022-03-14 19:24:49. wbn, chaotic male elven Ranger ----- ....| |...| |..*| # ##..... ---------- ## #|...| |C........ ### ----- |.....C......###@# | -----... |. | Wbn the Lookout St:14 Dx:11 Co:15 In:16 Wi:14 Ch:7 Chaotic S:1018 Dlvl:8 $:156 HP:0(25) Pw:19(19) AC:7 Xp:4/128 T:1448 Satiated Blind Latest messages: You see here 11 rocks. You swap places with Sirius. The killer bee stings! The killer bee stings! The killer bee stings! Sirius misses the killer bee. The killer bee stings! Sirius misses it. The dust vortex engulfs you! The leash snaps loose. You can't see in here! You hear some noises. You hit the dust vortex. You hit the dust vortex. You hit the dust vortex. You get expelled! It hits! You miss it. It engulfs you! You hit the dust vortex. You hit the dust vortex. You get expelled! It stings! It hits! It stings! Wait! There's something there you can't see! It hits! It stings! It stings! Unavailable command 'wizdetect'. What do you want to write with? [- abcd or ?*] - You write in the dust with your fingertip. What do you want to write in the dust here? Elbereth It engulfs you! You hit the dust vortex. You hit the dust vortex. You get expelled! Pick an object. Pick an object. You miss it. You hear some noises. It hits! It stings! It hits! You die... Do you want your possessions identified? [ynq] (y) y Do you want to see your attributes? [ynq] (y) y Do you want an account of creatures vanquished? [ynaq] (y) y Do you want to see your conduct and achievements? [ynq] (y) y Do you want to see the dungeon overview? [ynq] (y) y Major events: Turn 1: wbn the chaotic male elven Ranger entered the dungeon 695: attained the rank of Lookout (level 3) 1448: killed by a dust vortex Inventory: Coins $ - 156 gold pieces Amulets g - an uncursed amulet of ESP Weapons d - 30 blessed +0 elven arrows c - 49 +2 elven arrows (in quiver) b - a blessed +1 elven bow (alternate weapon; not wielded) a - a +1 elven dagger (weapon in hand) Armor e - an uncursed +2 elven cloak (being worn) Comestibles j - an uncursed food ration f - 4 uncursed lembas wafers h - an uncursed egg Potions k - an uncursed potion of full healing i - an uncursed potion of object detection Tools l - an uncursed leash Wbn the Ranger's attributes: Background: You were a Lookout, a level 4 male elven Ranger. You were chaotic, nominally on a mission for Mars who was opposed by Mercury (lawful) and Venus (neutral). You were in the Dungeons of Doom, on level 8. You entered the dungeon 1448 turns ago. You had 128 experience points, 32 more were needed to attain level 5. Your score was 1018 before end-of-game adjustments. Basics: You had 0 out of 25 hit points. You had all 19 energy points (spell power). Your armor class was 7. Your wallet contained 156 zorkmids. Autopickup was off. Final Characteristics: Your strength was 14 (limit:18). Your dexterity was 11 (limit:18). Your constitution was 15 (limit:16). Your intelligence was 16 (limit:20). Your wisdom was 14 (limit:20). Your charisma was 7 (limit:18). Final Status: You were temporarily blind. You were satiated. You were unencumbered. You were wielding a dagger. You had basic skill with dagger. Final Attributes: You were devoutly aligned. You were sleep resistant. You had automatic searching. You had infravision. You were stealthy. You were warded. You are dead. Miscellaneous: You never encountered a bones level. Total elapsed playing time was 45 minutes and 6 seconds. Vanquished creatures: a small mimic a rock piercer a gnomish wizard a dwarf zombie 2 iguanas an acid blob 2 hobbits a large kobold a giant rat 3 garter snakes 2 geckos a jackal a fox a goblin 2 grid bugs a lichen 2 newts 24 creatures vanquished. No species were genocided or became extinct. Voluntary challenges: You were an atheist. You read items or engraved 1 time. You never engraved Elbereth. You never genocided any monsters. You never polymorphed an object. You never changed form. You used no wishes. Achievements: You entered a shop. You attained the rank of Lookout. The Dungeons of Doom: levels 1 to 8 Level 1: An altar, a sink. Level 2: A fountain, a sink. Level 3: Level 4: A fountain. Level 5: An armor shop, a fountain. Level 6: Some altars. Level 7: A fountain. Level 8: <- You were here. Final resting place for you, killed by a dust vortex. Game over: ---------- / \ / REST \ / IN \ / PEACE \ / \ | wbn | | 156 Au | | killed by a dust | | vortex | | | | | | 2022 | *| * * * | * _________)/\\_//(\/(/\)/\//\/|_)_______ Goodbye wbn the Ranger... You died in The Dungeons of Doom on dungeon level 8 with 1003 points, and 156 pieces of gold, after 1448 moves. You were level 4 with a maximum of 25 hit points when you died.